 Dungeon Crawl Stone Soup version 0.18.1-48-g4cf74bf (webtiles) character file.

161 Joat the Skirmisher (level 5, 0/46 HPs)
             Began as a Demonspawn Monk on July 27, 2016.
             Was a Follower of Qazlal.
             Succumbed to an adder's poison
             ... on level 2 of the Dungeon.
             The game lasted 00:17:49 (1538 turns).

Joat the Skirmisher (Demonspawn Monk)               Turns: 1538, Time: 00:17:49

Health: 0/46       AC:  3    Str: 12 (13) XL:     5   Next: 18%
Magic:  5/5        EV: 13    Int: 11      God:    Qazlal [*.....]
Gold:   103        SH:  2    Dex: 13 (15) Spells: 0 memorised, 4 levels left

rFire  . . .     SeeInvis .       - Unarmed
rCold  . . .     Gourm    .     a - +0 robe
rNeg   . . .     Faith    .     (no shield)
rPois  .         Spirit   .     (helmet restricted)
rElec  .         Dismiss  .     f - +0 cloak
rCorr  .         Reflect  .     (no gloves)
SustAt .         Harm     .     (no boots)
MR     .....                    (no amulet)
Stlth  ++........               (no ring)
                                (no ring)

@: lethally poisoned (0 -> -2), not resistant to hostile enchantments,
unstealthy
A: horns 2, talons 1
a: Renounce Religion


You were on level 2 of the Dungeon.
You worshipped Qazlal.
Qazlal was aware of your devotion.
You were not hungry.

You visited 1 branch of the dungeon, and saw 3 of its levels.

You collected 103 gold pieces.

Inventory:

Hand Weapons
 m - a +0 hunting sling
 n - a +0 club
Missiles
 c - 27 bolts
 g - 10 sling bullets
 j - 6 arrows
Armour
 a - a +0 robe (worn)
 f - a +0 cloak (worn)
Scrolls
 k - a scroll of enchant weapon {unknown}
 l - a scroll of remove curse {unknown}
 o - a scroll of fog {unknown}
Potions
 d - 4 potions of lignification {unknown}
 e - a potion of curing {unknown}
 h - a potion of might
 i - a potion of brilliance {unknown}
Comestibles
 b - a bread ration


   Skills:
 * Level 5.9 Fighting
 + Level 0.0 Armour
 * Level 2.6 Dodging
 - Level 1.7 Stealth
 * Level 3.6 Unarmed Combat
 + Level 0.0 Invocations


You had 4 spell levels left.
You didn't know any spells.

Dungeon Overview and Level Annotations

Branches:
Dungeon (3/15)

Altars:
Okawaru
Qazlal


Innate Abilities, Weirdness & Mutations

You have a pair of horns on your head.
You have sharp toenails.


Message History

* * * LOW HITPOINT WARNING * * *
You are poisoned.
The adder poisons you! The adder bites you.
* * * LOW HITPOINT WARNING * * *
You feel sick. The adder barely misses you.
You feel sick.
You are too injured to fight recklessly!
You miss the adder. You claw the adder, but do no damage.
Your headbutt misses the adder.
The adder is moderately wounded.
The adder closely misses you. The adder bites you.
* * * LOW HITPOINT WARNING * * *
You hit the adder. Your kick misses the adder.
The adder is heavily wounded.
The adder bites you.
* * * LOW HITPOINT WARNING * * *
You miss the adder.
The adder is heavily wounded.
You die...

....#.......#.# #......<...#...
......##......#####.......####...
......#...................# #>..
......#...........##......####...
......#...........##.)...........
..................##......#######
..................##......# #
.<........>..)............## #
.......#.......S@.##.......# #
.....#.###..#####.#####....#
.......####.#####.######...#
..#.#####............###...#
.##.# #........###.......######
.#..# #........................
.#.## #........#######......###
...# #).<.....# #...#..# .###
#........# #...####


You could see an adder.

Vanquished Creatures
  The ghost of theElss the Conjurer, an amateur HECj (D:3)
  2 adders (D:2)
  An ooze (D:2)
  2 dart slugs (D:1)
  An orc (D:3)
  5 goblins
  4 hobgoblins
  2 bats
  3 kobolds
  4 rats
25 creatures vanquished.

Vanquished Creatures (others)
  A kobold (D:1)
  A rat (D:1)
2 creatures vanquished.

Grand Total: 27 creatures vanquished

Notes
Turn   | Place    | Note
--------------------------------------------------------------
     0 | D:1      | Joat the Demonspawn Monk began the quest for the Orb.
     0 | D:1      | Reached XP level 1. HP: 18/18 MP: 1/1
   195 | D:1      | Gained mutation: You have a pair of small horns on your head. [demonic ancestry]
   195 | D:1      | Reached XP level 2. HP: 20/24 MP: 2/2
   818 | D:2      | Reached skill level 4 in Fighting
   902 | D:2      | Gained mutation: You have a pair of horns on your head. [demonic ancestry]
   902 | D:2      | Reached XP level 3. HP: 9/30 MP: 3/3
   978 | D:2      | Found an iron altar of Okawaru.
  1175 | D:3      | Found a stormy altar of Qazlal.
  1178 | D:3      | Noticed a water elemental
  1179 | D:3      | Noticed an air elemental
  1179 | D:3      | Noticed a fire elemental
  1179 | D:3      | Noticed an earth elemental
  1184 | D:3      | Noticed theElss's ghost (amateur HECj)
  1193 | D:3      | Killed theElss's ghost
  1193 | D:3      | Reached skill level 5 in Fighting
  1193 | D:3      | Gained mutation: You have sharp toenails. [demonic ancestry]
  1193 | D:3      | Reached XP level 4. HP: 17/40 MP: 4/4
  1193 | D:3      | Reached XP level 5. HP: 19/46 MP: 5/5
  1375 | D:3      | Became a worshipper of Qazlal Stormbringer
  1375 | D:3      | Reached * piety under Qazlal
  1375 | D:3      | Reached ** piety under Qazlal
  1537 | D:2      | HP: 1/46 [adder (5)]
  1538 | D:2      | Succumbed to an adder's poison

Skill      XL: |  1  2  3 |
---------------+----------+-----
Fighting       | 4 5 |  5.9
Dodging        | |  2.6
Stealth        | |  1.7
Unarmed Combat | |  3.6

Action                   |  1- 3 |  4- 6 || total
-------------------------+-------+-------++-------
Melee: Unarmed           |    68 |    12 ||    80
       Headbutt          |    11 |     2 ||    13
       Punch             |     1 |       ||     1
       Kick              |       |     5 ||     5
Invok: Upheaval          |       |     1 ||     1
  Use: Potion            |     3 |       ||     3
 Stab: Sleeping          |     2 |       ||     2
  Eat: Chunk             |     1 |     1 ||     2
Armor: Robe              |     7 |     2 ||     9
Dodge: Dodged            |    29 |     7 ||    36
